[Event "4NCL 2019-20"]
[Site "Daventry"]
[Date "2020.03.01"]
[Round "2"]
[White "Quinn, John M"]
[Black "Spence, David J"]
[Result "1/2-1/2"]
[ECO "E12"]
[WhiteElo "2139"]
[BlackElo "2146"]
[Annotator "ChessBase"]
[PlyCount "30"]
[EventDate "2020.01.11"]
[EventCountry "ENG"]
[SourceTitle "playchess.com"]
[Source "ChessBase"]
[SourceQuality "1"]
[TimeControl "40/6000:3000+30"]

1. d4 e6 2. c4 Nf6 3. Nf3 b6 4. a3 Ba6 5. Qc2 Bb7 6. Nc3 c5 7. e3 Be7 8. Bd3 O-O 9. d5 exd5 10. cxd5 d6 11. e4 Nbd7 12. h3 a6 13. O-O b5 14. Re1 Re8 15. Bf4 Bf8 1/2-1/2

[Event "4NCL 2019-20"]
[Site "Daventry"]
[Date "2020.03.01"]
[Round "2"]
[White "Freeman, Gordon"]
[Black "Povah, Nigel E"]
[Result "1-0"]
[ECO "E01"]
[WhiteElo "2088"]
[BlackElo "2284"]
[Annotator "ChessBase"]
[PlyCount "55"]
[EventDate "2020.01.11"]
[EventCountry "ENG"]
[SourceTitle "playchess.com"]
[Source "ChessBase"]
[SourceQuality "1"]
[TimeControl "40/6000:3000+30"]

1. d4 d5 2. Nf3 Nf6 3. c4 e6 4. g3 Bb4+ 5. Bd2 Bd6 6. Bg2 c6 7. O-O O-O 8. Nc3 Nbd7 9. Qb3 Rb8 10. a4 b6 11. Rfc1 Ba6 12. cxd5 exd5 13. Bf4 Qe7 14. Bxd6 Qxd6 15. Qa3 Qe6 16. e3 Ne8 17. b4 Bb7 18. Ne2 Nd6 19. Nf4 Qf5 20. Bh3 Qe4 21. Bxd7 Qxf3 22. Bxc6 g5 23. Nxd5 Ne4 24. Qb2 h5 25. Bxb7 Rxb7 26. Nc3 Nxc3 27. Qxc3 h4 28. Qc6 1-0

[Event "4NCL 2019-20"]
[Site "Daventry"]
[Date "2020.03.01"]
[Round "2"]
[White "Dahl, Baard"]
[Black "Murphy, Hugh W"]
[Result "0-1"]
[ECO "A35"]
[WhiteElo "2078"]
[BlackElo "2121"]
[Annotator "ChessBase"]
[PlyCount "122"]
[EventDate "2020.01.11"]
[EventCountry "ENG"]
[SourceTitle "playchess.com"]
[Source "ChessBase"]
[SourceQuality "1"]
[TimeControl "40/6000:3000+30"]

1. e4 c6 2. d4 d5 3. exd5 cxd5 4. c4 Nf6 5. Nc3 Nc6 6. Nf3 g6 7. cxd5 Nxd5 8. Qb3 e6 9. Bg5 Qa5 10. Bc4 Nxc3 11. Bd2 Qb4 12. bxc3 Qxb3 13. axb3 Bg7 14. Bf4 O-O 15. O-O b6 16. b4 Bb7 17. Ba6 Bxa6 18. Rxa6 Rfc8 19. Rfa1 h6 20. h4 Ne7 21. Rxa7 Rxa7 22. Rxa7 Nd5 23. Bd2 Nxc3 24. Ne5 Bxe5 25. dxe5 Nd5 26. Rb7 Kg7 27. Be3 Nxb4 28. Bxb6 Nd5 29. Ba7 Rc4 30. g3 g5 31. hxg5 hxg5 32. Kg2 g4 33. Rb2 Rc3 34. Rd2 Kg6 35. Bd4 Rb3 36. Rd1 Kf5 37. Ba1 Ra3 38. Re1 Nb4 39. Bb2 Ra2 40. Bd4 Nd3 41. Rb1 Ke4 42. Bb6 Rb2 43. Rxb2 Nxb2 44. Ba5 Nd3 45. Bc7 Nxe5 46. Kf1 Nf3 47. Ke2 Nd4+ 48. Kd2 Kf3 49. Kd3 Nf5 50. Bb6 e5 51. Kc4 Nd4 52. Kd5 f6 53. Bd8 Kxf2 54. Bxf6 Nf3 55. Ke4 Kxg3 56. Be7 Kg2 57. Bc5 Kf1 58. Ba7 Ke2 59. Kf5 g3 60. Ke4 g2 61. Be3 Nd2+ {[%emt 0:00:24] Kd4} 0-1

[Event "4NCL 2019-20"]
[Site "Daventry"]
[Date "2020.03.01"]
[Round "2"]
[White "Jackson, Sheila"]
[Black "York-Weaving, Anna"]
[Result "1-0"]
[ECO "B19"]
[WhiteElo "2064"]
[BlackElo "1739"]
[Annotator "ChessBase"]
[PlyCount "118"]
[EventDate "2020.01.11"]
[EventCountry "ENG"]
[SourceTitle "playchess.com"]
[Source "ChessBase"]
[SourceQuality "1"]
[TimeControl "40/6000:3000+30"]

1. e4 c6 2. d4 d5 3. Nc3 dxe4 4. Nxe4 Bf5 5. Ng3 Bg6 6. h4 h6 7. Nf3 Nd7 8. h5 Bh7 9. Bd3 Bxd3 10. Qxd3 e6 11. Bd2 Qc7 12. O-O-O O-O-O 13. Kb1 Ngf6 14. Ne4 Nxe4 15. Qxe4 Nf6 16. Qe2 Kb8 17. c4 c5 18. Bc3 Bd6 19. Ne5 Rc8 20. dxc5 Bxc5 21. f3 Rhd8 22. g4 Ka8 23. Rxd8 Rxd8 24. Rd1 Bd6 25. a3 Ne8 26. b4 Bxe5 27. Rxd8+ Qxd8 28. Bxe5 f6 29. Bc3 e5 30. Kc2 Nc7 31. Qd3 Qe8 32. b5 Ne6 33. Qd5 Nf4 34. Qe4 Qd7 35. Bd2 Ne6 36. Be3 Qe7 37. Qd5 Nc7 38. Qg8+ Ne8 39. c5 Qd7 40. a4 a6 41. Qc4 axb5 42. axb5 Kb8 43. c6 Qc7 44. Qc5 bxc6 45. bxc6 Kc8 46. Qd5 Qd6 47. Qxd6 Nxd6 48. Bb6 f5 49. Kd3 e4+ 50. fxe4 fxe4+ 51. Ke2 Ne8 52. Ke3 Nf6 53. Bd4 Nxg4+ 54. Kxe4 Kc7 55. Kf5 g6+ 56. hxg6 h5 57. Kg5 h4 58. Kxg4 Kxc6 59. g7 Kd5 1-0

[Event "4NCL 2019-20"]
[Site "Daventry"]
[Date "2020.03.01"]
[Round "2"]
[White "Ledger, Stephen C"]
[Black "Leon Cazares, Gustavo"]
[Result "1-0"]
[ECO "A45"]
[WhiteElo "2013"]
[BlackElo "2084"]
[Annotator "ChessBase"]
[PlyCount "43"]
[EventDate "2020.01.11"]
[EventCountry "ENG"]
[SourceTitle "playchess.com"]
[Source "ChessBase"]
[SourceQuality "1"]
[TimeControl "40/6000:3000+30"]

1. d4 Nf6 2. Bg5 Ne4 3. Bf4 e6 4. Nd2 Nxd2 5. Qxd2 d5 6. e3 Bd6 7. Bg3 O-O 8. Nf3 c5 9. c3 Nc6 10. Bd3 Re8 11. Ne5 Nxe5 12. dxe5 Bf8 13. Qe2 c4 14. Bc2 b5 15. Rd1 Qc7 16. Rd4 h6 17. Qh5 Bb7 18. Rg4 Kh8 19. Bh4 Re7 20. Qxh6+ gxh6 21. Bf6+ Bg7 22. Rxg7 1-0

[Event "4NCL 2019-20"]
[Site "Daventry"]
[Date "2020.03.01"]
[Round "2"]
[White "Jaufarally, Nadia"]
[Black "Steil-Antoni, Fiona"]
[Result "0-1"]
[ECO "B15"]
[WhiteElo "1928"]
[BlackElo "2121"]
[Annotator "NA"]
[PlyCount "70"]
[EventDate "2020.01.11"]
[EventCountry "ENG"]
[SourceTitle "playchess.com"]
[Source "ChessBase"]
[SourceQuality "1"]
[TimeControl "40/6000:3000+30"]

1. e4 c6 2. d4 d5 3. Nc3 dxe4 4. Nxe4 Nf6 5. Nxf6+ exf6 6. Nf3 Bd6 7. Bd3 O-O 8. O-O Re8 9. c3 {[%emt 0:02:02] B15: Caro-Kann: 3 Nc3: 3...g6 and 3...dxe4 4 Nxe4 Nf6 5 Nxf6+ exf6.} Nd7 10. Nd2 Nf8 11. Ne4 Bc7 12. Qf3 Ng6 13. Bd2 Be6 {[%emt 0:05:11] [#]} 14. a3 $146 ({Predecessor:} 14. Rfe1 Qd5 15. g3 Rad8 16. Bc2 f5 17. Ng5 Qxf3 18. Nxf3 Bd5 19. Ng5 h6 20. Nh3 {0-1 (60) Latka,W (2140)-Drygalski,W (2245) Poland 1999}) 14... Qd5 15. Rae1 Nh4 16. Qe2 f5 17. c4 Qxd4 18. Bc3 Qd8 19. Ng3 Qg5 20. f4 Qg6 21. Qh5 Qxh5 22. Nxh5 f6 23. Re2 Rad8 24. Rd1 Kf7 25. Kf2 Kg6 26. Ng3 Kf7 27. Nf1 Bb6+ 28. Ne3 g5 29. g3 Ng6 (29... gxf4 $142 30. gxf4 Rg8) 30. fxg5 fxg5 $19 31. Kg2 f4 32. Bxg6+ hxg6 33. Rxd8 Rxd8 34. Nf1 Bxc4 35. Rc2 Rd1 0-1

[Event "4NCL 2019-20"]
[Site "Daventry"]
[Date "2020.03.01"]
[Round "2"]
[White "Zhu, Yaoyao"]
[Black "Skulte, Christopher"]
[Result "0-1"]
[ECO "B44"]
[WhiteElo "1896"]
[BlackElo "2033"]
[Annotator "ChessBase"]
[PlyCount "66"]
[EventDate "2020.01.11"]
[EventCountry "ENG"]
[SourceTitle "playchess.com"]
[Source "ChessBase"]
[SourceQuality "1"]
[TimeControl "40/6000:3000+30"]

1. e4 c5 2. Nf3 e6 3. g3 Nc6 4. Bg2 d5 5. exd5 exd5 6. d4 Nf6 7. O-O cxd4 8. Nxd4 Be7 9. c3 O-O 10. h3 Qb6 11. Nxc6 bxc6 12. Qb3 Bf5 13. Bf4 Rfe8 14. Nd2 Bf8 15. Rfe1 Qa6 16. Nf3 Bc5 17. Nd4 Bd7 18. Qc2 Qb6 19. Nb3 Bf8 20. Rad1 a5 21. Be5 a4 22. Nd4 Ne4 23. Bxe4 dxe4 24. Rxe4 c5 25. Rh4 g6 26. Nf3 Bc6 27. Qe2 Bg7 28. Re4 Bxe4 29. Qxe4 Bxe5 30. Nxe5 Qe6 31. f4 f6 32. Qb7 fxe5 33. Rd7 exf4 0-1

[Event "4NCL 2019-20"]
[Site "Daventry"]
[Date "2020.03.01"]
[Round "2"]
[White "Webster, Peter A N"]
[Black "Carleton, John J"]
[Result "0-1"]
[ECO "B14"]
[WhiteElo "1884"]
[BlackElo "2238"]
[Annotator "ChessBase"]
[PlyCount "80"]
[EventDate "2020.01.11"]
[EventCountry "ENG"]
[SourceTitle "playchess.com"]
[Source "ChessBase"]
[SourceQuality "1"]
[TimeControl "40/6000:3000+30"]

1. e4 c6 2. d4 d5 3. exd5 cxd5 4. c4 Nf6 5. Nc3 Nc6 6. Nf3 g6 7. c5 Bg7 8. Bb5 O-O 9. O-O Ne4 10. Bxc6 bxc6 11. Nxe4 dxe4 12. Ne5 Qd5 13. Qb3 Be6 14. Qxd5 Bxd5 15. Rd1 Rfd8 16. Bf4 g5 17. Bd2 f6 18. Ng4 Be6 19. Ne3 Rxd4 20. b3 Rad8 21. Ba5 Rxd1+ 22. Rxd1 Rxd1+ 23. Nxd1 f5 24. Bc3 Bd5 25. Kf1 e6 26. Ke2 Bxc3 27. Nxc3 Kf7 28. Kd1 Kf6 29. Kc2 Ke5 30. Ne2 f4 31. Kc3 h5 32. a4 h4 33. b4 a6 34. Nd4 g4 35. g3 e3 36. gxf4+ Kxf4 37. fxe3+ Kxe3 38. b5 cxb5 39. axb5 axb5 40. c6 b4+ 0-1

[Event "4NCL 2019-20"]
[Site "Daventry"]
[Date "2020.03.01"]
[Round "2"]
[White "Gurjar, Roshan"]
[Black "Ackley, Peter J E"]
[Result "0-1"]
[ECO "B08"]
[WhiteElo "1282"]
[BlackElo "2002"]
[Annotator "ChessBase"]
[PlyCount "99"]
[EventDate "2020.01.11"]
[EventCountry "ENG"]
[SourceTitle "playchess.com"]
[Source "ChessBase"]
[SourceQuality "1"]
[TimeControl "40/6000:3000+30"]

1. e4 d6 2. d4 g6 3. Nc3 Bg7 4. Nf3 Nf6 5. h3 O-O 6. Bc4 Nxe4 7. Nxe4 d5 8. Bd3 dxe4 9. Bxe4 Nd7 10. c3 Nf6 11. Bc2 Be6 12. O-O a5 13. Be3 Nd5 14. Qd2 Nxe3 15. fxe3 c5 16. Qe2 Qb6 17. Bd3 Rac8 18. Qd2 Rfd8 19. Bc2 Bh6 20. b3 cxd4 21. Nxd4 Qc5 22. c4 Bxe3+ 23. Qxe3 Qxd4 24. Qxd4 Rxd4 25. Rad1 Rcd8 26. Kh2 f5 27. Kg3 Kf7 28. Rxd4 Rxd4 29. Rd1 Rxd1 30. Bxd1 Kf6 31. h4 h6 32. Bc2 g5 33. hxg5+ hxg5 34. Kf3 g4+ 35. Kf4 Bd7 36. a3 e5+ 37. Ke3 f4+ 38. Ke2 Bc6 39. Kf1 g3 40. b4 axb4 41. axb4 b6 42. Bd1 e4 43. c5 b5 44. Kg1 Ke5 45. Kh1 Kd4 46. Kg1 Kc4 47. Bf3 exf3 48. Kh1 Kxb4 49. Kg1 Kxc5 50. gxf3 0-1

[Event "4NCL 2019-20"]
[Site "Daventry"]
[Date "2020.01.11"]
[Round "3"]
[White "Schneider, Dmitry"]
[Black "Lund, D Brett"]
[Result "0-1"]
[ECO "B40"]
[WhiteElo "2475"]
[BlackElo "2265"]
[Annotator "ChessBase"]
[PlyCount "111"]
[EventDate "2020.01.11"]
[EventCountry "ENG"]
[SourceTitle "playchess.com"]
[Source "ChessBase"]
[SourceQuality "1"]
[TimeControl "40/6000:3000+30"]

1. e4 c5 2. Nf3 e6 3. Nc3 a6 4. g3 d5 5. exd5 exd5 6. d4 Nc6 7. Bg2 c4 8. O-O Bb4 9. Ng5 Nf6 10. Re1+ Be7 11. Nxd5 Nxd5 12. Nxf7 Kxf7 13. Qh5+ g6 14. Bxd5+ Ke8 15. Qf3 Rf8 16. Bxc6+ bxc6 17. Qxc6+ Bd7 18. Qd5 Ra7 19. Bh6 Rf7 20. Qe5 Bh3 21. d5 Kd7 22. Rad1 Bd6 23. Qc3 Qf6 24. Qxf6 Rxf6 25. Re4 Bc5 26. Be3 Bxe3 27. fxe3 g5 28. g4 Ra8 29. Re5 Raf8 30. Rf5 Rxf5 31. gxf5 Rxf5 32. c3 h5 33. e4 Rf8 34. e5 h4 35. e6+ Kd6 36. b3 cxb3 37. axb3 g4 38. Re1 Kxd5 39. e7 Re8 40. Kf2 Kd6 41. Ra1 Rxe7 42. Rxa6+ Kd5 43. Rh6 Rf7+ 44. Ke2 Rf3 45. Rxh4 Rxc3 46. Rh8 Rc2+ 47. Ke3 Rxh2 48. Kf4 Rb2 49. Kg3 Rxb3+ 50. Kh4 Re3 51. Rd8+ Ke4 52. Re8+ Kf3 53. Rf8+ Kg2 54. Rb8 Re2 55. Rb3 Kh2 56. Ra3 0-1

[Event "4NCL 2019-20"]
[Site "Daventry"]
[Date "2020.01.11"]
[Round "3"]
[White "Paehtz, Elisabeth"]
[Black "Lee, Richard W Y"]
[Result "1-0"]
[ECO "A14"]
[WhiteElo "2467"]
[BlackElo "2130"]
[Annotator "ChessBase"]
[PlyCount "117"]
[EventDate "2020.01.11"]
[EventCountry "ENG"]
[SourceTitle "playchess.com"]
[Source "ChessBase"]
[SourceQuality "1"]
[TimeControl "40/6000:3000+30"]

1. c4 e6 2. Nf3 d5 3. e3 Nf6 4. Nc3 Be7 5. b3 O-O 6. Bb2 b6 7. g3 Bb7 8. Bg2 c5 9. O-O Nc6 10. cxd5 Nxd5 11. Nxd5 exd5 12. d4 Ba6 13. Re1 Nb4 14. Ne5 Rc8 15. dxc5 Rxc5 16. Qg4 f6 17. Qe6+ Kh8 18. Nf7+ Rxf7 19. Qxf7 Nc2 20. Bd4 Rc7 21. Qxd5 Qc8 22. h4 Bb7 23. Qh5 Bxg2 24. Kxg2 Qa8+ 25. Qf3 Nxe1+ 26. Rxe1 Qxf3+ 27. Kxf3 Ba3 28. Re2 Kg8 29. Ke4 Kf7 30. Kd3 b5 31. g4 g6 32. e4 a6 33. e5 fxe5 34. Bxe5 Rc1 35. Ke4 Be7 36. Bg3 Rh1 37. g5 Rc1 38. Ke5 Rc3 39. Kd4 Rc1 40. Bf4 Rc6 41. Be5 Rc1 42. Ke4 Ke6 43. Kf4 Kf7 44. Kg4 Bc5 45. Bf4 Rc3 46. h5 a5 47. h6 a4 48. Be5 Rc1 49. Bf6 axb3 50. axb3 Rg1+ 51. Kf4 Rb1 52. Rd2 Ke6 53. Rd8 Bxf2 54. Re8+ Kf7 55. Re7+ Kg8 56. Rg7+ Kf8 57. Rxh7 Rxb3 58. Rb7 Ke8 59. Ke4 1-0

[Event "4NCL 2019-20"]
[Site "Daventry"]
[Date "2020.01.11"]
[Round "3"]
[White "Williams, Simon K"]
[Black "Wadsworth, Matthew J"]
[Result "1/2-1/2"]
[ECO "A43"]
[WhiteElo "2461"]
[BlackElo "2401"]
[Annotator "ChessBase"]
[PlyCount "106"]
[EventDate "2020.01.11"]
[EventCountry "ENG"]
[SourceTitle "playchess.com"]
[Source "ChessBase"]
[SourceQuality "1"]
[TimeControl "40/6000:3000+30"]

1. d4 Nf6 2. Nf3 c5 3. d5 e6 4. Bg5 Qa5+ 5. c3 Nxd5 6. e4 h6 7. exd5 hxg5 8. Nxg5 Be7 9. Ne4 Rh4 10. Ng3 d6 11. Nd2 exd5 12. Nf3 Rh6 13. Qxd5 Nc6 14. Nf5 Bxf5 15. Qxf5 Re6+ 16. Be2 Bf6 17. Qc2 Qb5 18. Kf1 c4 19. b3 cxb3 20. axb3 Qc5 21. Rc1 Kf8 22. b4 Qh5 23. b5 Rae8 24. Bc4 d5 25. bxc6 dxc4 26. cxb7 Qd5 27. h4 Qxb7 28. Ng5 Rd6 29. Rh3 Qb3 30. Nh7+ Kg8 31. Nxf6+ Rxf6 32. Qxb3 cxb3 33. c4 Rb8 34. Rb1 Rfb6 35. c5 Rb4 36. c6 b2 37. c7 Rc8 38. Rc3 a5 39. Rc2 a4 40. Rbxb2 Rxb2 41. Rxb2 Rxc7 42. Rb8+ Kh7 43. Ra8 Rc4 44. g3 Kg6 45. Ke2 Rb4 46. f3 f6 47. Ra7 Rb2+ 48. Ke3 Rb3+ 49. Kf4 a3 50. g4 Kh6 51. h5 g6 52. hxg6 Kxg6 53. Kg3 Rc3 1/2-1/2

[Event "4NCL 2019-20"]
[Site "Daventry"]
[Date "2020.01.11"]
[Round "3"]
[White "Sarakauskas, Gediminas"]
[Black "Thorfinnsson, Bjorn"]
[Result "1-0"]
[ECO "C78"]
[WhiteElo "2433"]
[BlackElo "2411"]
[Annotator "ChessBase"]
[PlyCount "81"]
[EventDate "2020.01.11"]
[EventCountry "ENG"]
[SourceTitle "playchess.com"]
[Source "ChessBase"]
[SourceQuality "1"]
[TimeControl "40/6000:3000+30"]

1. e4 e5 2. Nf3 Nc6 3. Bb5 a6 4. Ba4 Nf6 5. O-O b5 6. Bb3 Bc5 7. a4 Rb8 8. Nxe5 Nxe5 9. d4 Bxd4 10. Qxd4 d6 11. f4 Nc6 12. Qc3 Bb7 13. axb5 axb5 14. e5 Ne4 15. Qe3 Ne7 16. Nc3 Nxc3 17. Qxc3 O-O 18. f5 dxe5 19. f6 Ng6 20. Bg5 c5 21. Qxc5 h6 22. fxg7 Qxg5 23. gxf8=Q+ Rxf8 24. Bd5 Rc8 25. Qxb5 Bxd5 26. Qxd5 Nf4 27. Qf3 Rxc2 28. Rf2 Qf5 29. Re1 Rc7 30. Kh1 Qg5 31. Qe3 Qh5 32. Qe4 Kg7 33. b4 Rd7 34. Rf3 Rd4 35. Rg3+ Ng6 36. Qb1 Qh4 37. b5 Rb4 38. Qd3 Rb2 39. Rf1 Qb4 40. Rxg6+ fxg6 41. Qd7+ 1-0

[Event "4NCL 2019-20"]
[Site "Daventry"]
[Date "2020.01.11"]
[Round "3"]
[White "Greet, Andrew N"]
[Black "Ashton, Adam G"]
[Result "1-0"]
[ECO "E04"]
[WhiteElo "2425"]
[BlackElo "2379"]
[Annotator "ChessBase"]
[PlyCount "71"]
[EventDate "2020.01.11"]
[EventCountry "ENG"]
[SourceTitle "playchess.com"]
[Source "ChessBase"]
[SourceQuality "1"]
[TimeControl "40/6000:3000+30"]

1. d4 d5 2. Nf3 Nf6 3. c4 e6 4. g3 dxc4 5. Bg2 a6 6. O-O Nc6 7. e3 Bd7 8. Qe2 Bd6 9. Qxc4 O-O 10. Rd1 Rb8 11. Nbd2 Qe7 12. Qc2 Nb4 13. Qb3 Bc6 14. a3 Bd5 15. Qc3 Na2 16. Rxa2 Bxa2 17. Qc2 c5 18. dxc5 Bxc5 19. b4 Bxe3 20. Qxa2 Ba7 21. Bb2 Rfd8 22. Qb1 a5 23. bxa5 Bxf2+ 24. Kxf2 Ng4+ 25. Ke2 Qc5 26. Bd4 Rxd4 27. Nxd4 Qxd4 28. Qb6 Qe5+ 29. Ne4 f5 30. h3 Nf6 31. Qd6 Qb5+ 32. Kf2 Nxe4+ 33. Bxe4 Re8 34. Bf3 Qxa5 35. Rb1 b5 36. Be2 1-0

[Event "4NCL 2019-20"]
[Site "Daventry"]
[Date "2020.01.11"]
[Round "3"]
[White "Eggleston, David J"]
[Black "Ciuksyte, Dagne"]
[Result "1-0"]
[ECO "B82"]
[WhiteElo "2396"]
[BlackElo "2295"]
[Annotator "ChessBase"]
[PlyCount "91"]
[EventDate "2020.01.11"]
[EventCountry "ENG"]
[SourceTitle "playchess.com"]
[Source "ChessBase"]
[SourceQuality "1"]
[TimeControl "40/6000:3000+30"]

1. e4 c5 2. Nf3 e6 3. d4 cxd4 4. Nxd4 a6 5. Nc3 Qc7 6. Bd3 Nf6 7. O-O Be7 8. Be3 O-O 9. f4 d6 10. Qf3 Nc6 11. Rae1 Bd7 12. f5 Ne5 13. Qh3 Neg4 14. Kh1 Nxe3 15. Rxe3 e5 16. Nde2 Bc6 17. a4 b5 18. axb5 axb5 19. b4 Rfd8 20. Ng3 Qb6 21. Ref3 Qd4 22. Bxb5 Bxb5 23. Nxb5 Qxb4 24. Nc3 Rdc8 25. Nh5 Kh8 26. Nxf6 Bxf6 27. Nd5 Qxe4 28. Nxf6 gxf6 29. Qh6 Rg8 30. Qxf6+ Rg7 31. Rg3 Rag8 32. Ra1 Qc6 33. c4 Qc8 34. c5 Qd8 35. Qxd6 Qxd6 36. cxd6 Rxg3 37. hxg3 Kg7 38. Rd1 Kf6 39. g4 h5 40. d7 Rd8 41. gxh5 Kxf5 42. Rd6 e4 43. Kg1 Ke5 44. Rd1 f5 45. g3 Kf6 46. h6 1-0

[Event "4NCL 2019-20"]
[Site "Daventry"]
[Date "2020.01.11"]
[Round "3"]
[White "Jackson, James P"]
[Black "Hoffmann, Hendrik"]
[Result "1-0"]
[ECO "C63"]
[WhiteElo "2392"]
[BlackElo "2246"]
[Annotator "ChessBase"]
[PlyCount "118"]
[EventDate "2020.01.11"]
[EventCountry "ENG"]
[SourceTitle "playchess.com"]
[Source "ChessBase"]
[SourceQuality "1"]
[TimeControl "40/6000:3000+30"]

1. e4 e5 2. Nf3 Nc6 3. Bb5 f5 4. Nc3 fxe4 5. Nxe4 Nf6 6. Qe2 d5 7. Nxf6+ gxf6 8. d4 Bg7 9. dxe5 O-O 10. Bxc6 bxc6 11. e6 Re8 12. O-O Rxe6 13. Qd3 Re4 14. Be3 a5 15. Rfe1 Rb8 16. b3 a4 17. Nd2 Rg4 18. f3 Rg6 19. Bd4 Bh3 20. Re2 Qd6 21. Kh1 Bd7 22. Qc3 axb3 23. cxb3 f5 24. Bxg7 Rxg7 25. Rae1 Qb4 26. Qxb4 Rxb4 27. Re7 Rf7 28. Kg1 Rd4 29. Nb1 f4 30. Nc3 c5 31. Rxf7 Kxf7 32. Ne2 Rd2 33. Nxf4 Rxa2 34. Nxd5 Be6 35. Re5 Rc2 36. Nxc7 Bxb3 37. Nb5 c4 38. Re3 Rd2 39. Nc3 Rc2 40. h4 Rc1+ 41. Kf2 Rc2+ 42. Kg3 Rd2 43. Ne4 Rb2 44. Nc3 Rd2 45. h5 Bc2 46. Re2 Rxe2 47. Nxe2 Bd3 48. Nc3 Kf6 49. Kf4 h6 50. Ne4+ Kf7 51. g4 Kg7 52. Ke3 Bc2 53. Nf2 c3 54. Ne4 Bxe4 55. fxe4 Kf6 56. Kd3 Ke5 57. g5 hxg5 58. h6 Kf6 59. e5+ Kg6 1-0

[Event "4NCL 2019-20"]
[Site "Daventry"]
[Date "2020.01.11"]
[Round "3"]
[White "Milliet, Sophie"]
[Black "Arkell, Keith C"]
[Result "0-1"]
[ECO "B01"]
[WhiteElo "2390"]
[BlackElo "2460"]
[Annotator "ChessBase"]
[PlyCount "114"]
[EventDate "2020.01.11"]
[EventCountry "ENG"]
[SourceTitle "playchess.com"]
[Source "ChessBase"]
[SourceQuality "1"]
[TimeControl "40/6000:3000+30"]

1. e4 d5 2. exd5 Qxd5 3. Nc3 Qd8 4. d4 Nf6 5. Bc4 c6 6. Nf3 Bf5 7. Ne5 e6 8. g4 Bg6 9. h4 Nbd7 10. Qe2 Bb4 11. Rh3 Nb6 12. h5 Be4 13. Bf4 Nxc4 14. Nxc4 Bg2 15. Rd3 Bd5 16. Ne5 Ne4 17. Bd2 Qh4 18. Qf3 Nd6 19. Nxd5 Bxd2+ 20. Rxd2 cxd5 21. O-O-O Qg5 22. Qa3 Rd8 23. Qa4+ b5 24. Qxa7 O-O 25. Kb1 Nc4 26. Re2 Nxe5 27. Rxe5 Qxg4 28. Rde1 Ra8 29. Qe7 h6 30. Qb4 Ra4 31. Qxb5 Qxd4 32. a3 Rc4 33. R5e2 Qa7 34. Qb3 Rb8 35. Qg3 Rc7 36. Rg1 Qd4 37. c3 Qxc3 38. Qxc3 Rxc3 39. f4 Rxa3 40. Reg2 g6 41. hxg6 f6 42. g7 Rab3 43. Rh1 R8b7 44. Rxh6 Rxg7 45. Rc2 Rg1+ 46. Ka2 Rb6 47. Rc8+ Kg7 48. Rhh8 Rf1 49. Rcg8+ Kf7 50. Rg2 Ke7 51. Rh4 Kd6 52. b3 Rf3 53. Rg6 Rf2+ 54. Ka3 Kc5 55. b4+ Kc4 56. b5 Rxb5 57. f5+ d4 0-1

[Event "4NCL 2019-20"]
[Site "Daventry"]
[Date "2020.01.11"]
[Round "3"]
[White "Pigott, John C"]
[Black "Maciol, Ryszard"]
[Result "1/2-1/2"]
[ECO "A28"]
[WhiteElo "2370"]
[BlackElo "2158"]
[Annotator "ChessBase"]
[PlyCount "83"]
[EventDate "2020.01.11"]
[EventCountry "ENG"]
[SourceTitle "playchess.com"]
[Source "ChessBase"]
[SourceQuality "1"]
[TimeControl "40/6000:3000+30"]

1. c4 e5 2. Nc3 Nc6 3. e3 Nf6 4. Nf3 d5 5. cxd5 Nxd5 6. Bb5 Nxc3 7. bxc3 Bd6 8. d4 exd4 9. cxd4 O-O 10. O-O Bf5 11. Bb2 Be4 12. Rc1 Qf6 13. Be2 Rfe8 14. Nd2 Qh6 15. g3 Qh3 16. Bf3 Bxf3 17. Qxf3 Nb4 18. Nc4 Bf8 19. Qxb7 Nxa2 20. Rb1 a5 21. Qb3 Nb4 22. Ra1 Ra6 23. f3 Qe6 24. e4 Rea8 25. Ra4 f5 26. d5 Qe8 27. d6 Qf7 28. dxc7 Bc5+ 29. Kg2 fxe4 30. fxe4 Qe6 31. Nd2 Qxb3 32. Nxb3 Bd6 33. Rc1 Rc8 34. e5 Bxc7 35. Rxa5 Rxa5 36. Nxa5 Nd3 37. Nc6 Nxc1 38. Ne7+ Kf8 39. Nxc8 Nd3 40. Ba3+ Kf7 41. Bd6 Bxd6 42. exd6 1/2-1/2

[Event "4NCL 2019-20"]
[Site "Daventry"]
[Date "2020.01.11"]
[Round "3"]
[White "Rendle, Thomas E"]
[Black "Moss, Guy"]
[Result "1/2-1/2"]
[ECO "B23"]
[WhiteElo "2361"]
[BlackElo "2187"]
[Annotator "ChessBase"]
[PlyCount "119"]
[EventDate "2020.01.11"]
[EventCountry "ENG"]
[SourceTitle "playchess.com"]
[Source "ChessBase"]
[SourceQuality "1"]
[TimeControl "40/6000:3000+30"]

1. e4 c5 2. Nc3 Nc6 3. Bb5 Nd4 4. Nf3 Nxb5 5. Nxb5 d6 6. d4 Bd7 7. Nc3 cxd4 8. Qxd4 e5 9. Qd3 Bc6 10. O-O h6 11. Nd2 Nf6 12. Nc4 Qc7 13. Ne3 Rd8 14. Ned5 Nxd5 15. Nxd5 Bxd5 16. Qxd5 Be7 17. Be3 O-O 18. Rad1 a6 19. c3 Qc6 20. f4 exf4 21. Bxf4 Rfe8 22. Rd4 Qxd5 23. Rxd5 Bf6 24. Re1 Re6 25. Kf2 Rde8 26. Kf3 Be5 27. Bxe5 dxe5 28. Rd7 R6e7 29. Red1 f6 30. R7d6 Kf7 31. Rb6 Rc7 32. Ke3 Re6 33. Rxe6 Kxe6 34. Rd8 Ke7 35. Rg8 Kf7 36. Rb8 h5 37. h4 g6 38. g3 f5 39. Rh8 Kg7 40. Rd8 Rf7 41. Rd5 f4+ 42. Kf3 fxg3+ 43. Kxg3 Rf4 44. Rxe5 Rg4+ 45. Kh3 Kf7 46. Rc5 Rxe4 47. Rc7+ Kf6 48. Rxb7 a5 49. a3 Re3+ 50. Kg2 Kf5 51. Rb6 Re4 52. Kg3 Re3+ 53. Kg2 Re4 54. Kf3 Rxh4 55. Rb5+ Kf6 56. Rxa5 g5 57. Ra6+ Ke5 58. Ra5+ Kf6 59. Ra6+ Ke5 60. Ra5+ 1/2-1/2

[Event "4NCL 2019-20"]
[Site "Daventry"]
[Date "2020.01.11"]
[Round "3"]
[White "Ansell, Simon T"]
[Black "Cyborowski, Lukasz"]
[Result "1-0"]
[ECO "B40"]
[WhiteElo "2334"]
[BlackElo "2505"]
[Annotator "RC"]
[PlyCount "59"]
[EventDate "2020.01.11"]
[EventCountry "ENG"]
[SourceTitle "playchess.com"]
[Source "ChessBase"]
[SourceQuality "1"]
[TimeControl "40/6000:3000+30"]

1. e4 c5 2. Nf3 e6 3. g3 Nc6 4. Bg2 Nf6 5. Qe2 d5 6. exd5 Nxd5 7. O-O Be7 8. Na3 O-O 9. Nc4 Qc7 10. d3 b6 11. a4 Bb7 12. Bd2 Rad8 13. a5 Bf6 14. Rfe1 b5 15. Nce5 Ndb4 16. a6 Ba8 17. Ng4 Be7 18. Bf4 Qb6 19. h4 Nxa6 20. h5 Nab4 21. h6 g6 22. Bg5 Qc7 23. Bf6 Nd5 24. Bg7 b4 25. c4 Nb6 26. b3 Nd7 27. Qb2 Rfe8 28. Bh8 Bf8 29. Bf6 Ne7 30. Nfe5 1-0

[Event "4NCL 2019-20"]
[Site "Daventry"]
[Date "2020.01.11"]
[Round "3"]
[White "Grieve, Harry"]
[Black "Connell, Blair N"]
[Result "1-0"]
[ECO "C42"]
[WhiteElo "2299"]
[BlackElo "2239"]
[Annotator "ChessBase"]
[PlyCount "81"]
[EventDate "2020.01.11"]
[EventCountry "ENG"]
[SourceTitle "playchess.com"]
[Source "ChessBase"]
[SourceQuality "1"]
[TimeControl "40/6000:3000+30"]

1. e4 e5 2. Nf3 Nf6 3. Nxe5 d6 4. Nf3 Nxe4 5. Nc3 Nxc3 6. dxc3 Be7 7. Be3 Nc6 8. Qd2 Bf5 9. O-O-O Qd7 10. h3 a6 11. Nd4 Nxd4 12. Bxd4 O-O 13. Kb1 Rfe8 14. f3 c5 15. Bxc5 dxc5 16. Qd3 Qd6 17. Qxd6 Be6 18. Qd7 Bxd7 19. Rxd7 Rad8 20. Rxd8 Bxd8 21. Bd3 Bh4 22. a4 a5 23. Ka2 g6 24. Kb3 b6 25. Kc4 Rd8 26. Rd1 Kf8 27. Kb5 Rd6 28. Be2 Rxd1 29. Bxd1 Bd8 30. Kc6 Ke7 31. f4 f5 32. Be2 h6 33. Ba6 Ke6 34. Bc8+ Ke7 35. Bd7 Kf6 36. Be8 g5 37. Kd7 Be7 38. fxg5+ hxg5 39. Kc7 g4 40. hxg4 fxg4 41. Kxb6 1-0